 Dungeon Crawl Stone Soup version 0.31-a0-164-g2312942fda (webtiles) character file.

Game seed: 16562313812732761206

857 qw the Skirmisher (level 8, -4/72 HPs)
             Began as a Naga Hunter on June 13, 2023.
             Was a Follower of Okawaru.
             Killed by divine providence
             ... invoked by an orc priest
              (12 damage)
             ... on level 5 of the Dungeon.
             The game lasted 00:01:17 (3391 turns).

qw the Skirmisher (Naga Hunter)                     Turns: 3391, Time: 00:01:17

Health: -4/72      AC:  6    Str: 18    XL:     8   Next: 2%
Magic:  5/8        EV: 12    Int:  9    God:    Okawaru [*.....]
Gold:   208        SH:  0    Dex: 15    Spells: 7/7 levels left

rFire   . . .        Y - +1 shortbow
rCold   . . .        (shield currently unavailable)
rNeg    . . .        c - +0 leather armour
rPois   +            b - +2 hat
rElec   .            (no cloak)
rCorr   .            (no gloves)
SInv    +            (no barding)
Will    +....        h - amulet of faith
Stlth   +++          (no ring)
HPRegen 0.32/turn    (no ring)
MPRegen 0.11/turn

%: faith
@: about to teleport, short of breath, heroic, very slow
A: AC +2, large, see invisible, deformed body, poison resistance, slowness 2,
spit poison 1, naga tail 1, mutation resistance 1, strong 1
a: Spit Poison, Renounce Religion, Heroism


You were on level 5 of the Dungeon.
You worshipped Okawaru.
Okawaru was aware of your devotion.
You visited 2 branches of the dungeon, and saw 6 of its levels.

You collected 208 gold pieces.


Innate Abilities, Weirdness & Mutations

Your serpentine skin is tough. (AC +2)
You have supernaturally acute eyesight. (SInv)
Armour fits poorly on your strangely shaped body.
Your system is resistant to poisons. (rPois)
You cover ground very slowly.
You can spit poison.
You have a snake-like lower body.
You are somewhat resistant to further mutation.
Your muscles are strong. (Str +4, Int/Dex -1)


   Skills:
 + Level 4.1(9.1) Fighting
 - Level 8.0(13.0) Ranged Weapons
 - Level 2.0(7.0) Dodging
 - Level 1.5(6.5) Stealth
 + Level 0.0 Invocations


You had 7 spell levels left.
You didn't know any spells.
Your spell library was empty.

Inventory:

Hand Weapons
 Y - a +1 shortbow (weapon)
Armour
 b - a +2 hat (worn)
 c - a +0 leather armour (worn)
Jewellery
 h - an amulet of faith (around neck)
Scrolls
 a - a scroll of teleportation
 f - a scroll of identify
 j - a scroll of enchant armour
 k - a scroll of silence {unknown}
Potions
 d - 2 potions of mutation
 e - a potion of might
 g - a potion of haste
 i - a potion of brilliance {unknown}

Dungeon Overview and Level Annotations

Branches:
Dungeon (5/15)             Temple (1/1) D:5

Altars:
Ashenzari
Cheibriados
Dithmenos
Fedhas
Gozag
Hepliaklqana
Makhleb
Nemelex Xobeh
Okawaru
Ru
Uskayaw
Wu Jian
Yredelemnul
Zin
The Shining One

Shops:
D:1 ?


Message History

Aiming: Spit Poison (1% risk of failure)
Press: ? - help, Shift-Dir - straight line, f - orc, p - water moccasin The splash of poison hits the orc!
The orc is poisoned.
You kill the orc!
Okawaru accepts your kill. The water moccasin closely misses you.
The orc priest closely misses you.
You shoot an arrow.
The arrow hits the water moccasin but does no damage.
The water moccasin is almost dead.
The water moccasin barely misses you.
The orc priest hits you but does no damage.
The water moccasin bites you.
You shoot an arrow. The arrow hits the water moccasin!
You kill the water moccasin!
Okawaru accepts your kill.
You can now gain great but temporary skills.
The orc priest hits you from afar with a +0 trident.
Your Ranged Weapons skill increases to level 8!
You have reached level 8!
You feel stronger.
3388 ||| INVOKING Heroism.
You gain the combat prowess of a mighty hero.
You have got your breath back.
The orc priest completely misses you. The orc hits you with a +0 flail.
3389 ||| READING 2 scrolls of teleportation.
As you read the scroll of teleportation, it crumbles to dust.
You feel strangely unstable. The orc closely misses you.
The orc priest hits you from afar with a +0 trident.
3390 ||| INVOKING Spit Poison.
Aiming: Spit Poison (1% risk of failure)
Press: ? - help, Shift-Dir - straight line, f - orc The splash of poison hits the orc.
The orc is poisoned.
The orc is heavily wounded.
The orc hits you with a +0 flail.
The orc priest hits you from afar with a +0 trident.
You shoot an arrow. The arrow barely misses the orc.
The orc closely misses you.
The orc priest mumbles some strange prayers to Beogh against you.
Beogh smites you!
You die...

####### ##
########......#
.#########.......)#
.#......##.#####@##
....###.##.#####o#
.#..#.........##.o
....#.#.##.##.##.#.
.#..#.#.##.# .....#
.#......##.. #.. .
.#....####### ...
#. .#.##### ##.# ..
.......#


You could see an orc priest and an orc (poisoned).

Vanquished Creatures
  Edmund (D:5)
  A water moccasin (D:5)
  An ogre (D:4)
  A phantom (D:5)
  A scorpion (D:4)
  A gnoll bouda (D:4)
  3 hounds
  A jelly (D:4)
  5 iguanas
  An orc wizard (D:5)
  A hound zombie (D:3)
  4 adders
  2 ufetubi
  A worm (D:3)
  2 dart slugs
  2 orcs
  3 bats
  7 endoplasms
  2 giant cockroaches (D:1)
  6 goblins
  3 hobgoblins
  2 jackals (D:4)
  2 quokkas
  4 ball pythons
  3 frilled lizards
  6 kobolds
  A quokka zombie (D:3)
  6 rats
73 creatures vanquished.

Notes
Turn   | Place    | Note
-------+----------+-------------------------------------------
     0 | D:1      | qw the Naga Hunter began the quest for the Orb.
     0 | D:1      | Reached XP level 1. HP: 19/19 MP: 1/1
     0 | D:1      | 0 ||| qw: Version: 0.2-a-29-gc1b59c4
     0 | D:1      | 0 ||| qw: Game counter: 4526
     0 | D:1      | 0 ||| qw: Always use a shield: true
     0 | D:1      | 0 ||| qw: God list: Okawaru
     0 | D:1      | 0 ||| qw: Allow faded altars: false
     0 | D:1      | 0 ||| qw: Do Orc after D:15 true
     0 | D:1      | 0 ||| qw: Do second Lair branch before Depths: true
     0 | D:1      | 0 ||| qw: Lair rune preference: random
     0 | D:1      | 0 ||| qw: Plans: Normal
     0 | D:1      | 0 ||| PLANNING D:1-11
    37 | D:1      | Found The Oracle's Delphic Readings.
    38 | D:1      | 38 ||| INVOKING Spit Poison.
    44 | D:1      | 44 ||| INVOKING Spit Poison.
    45 | D:1      | 45 ||| INVOKING Spit Poison.
    79 | D:1      | 79 ||| SHOPLISTING scroll of acquirement (520 gold, have
                  | 12).
    79 | D:1      | 79 ||| SHOPLISTING scroll of teleportation (30 gold, have
                  | 12).
    99 | D:1      | 99 ||| INVOKING Spit Poison.
   102 | D:1      | Reached skill level 4 in Ranged Weapons
   102 | D:1      | Reached XP level 2. HP: 26/26 MP: 2/2
   164 | D:1      | 164 ||| INVOKING Spit Poison.
   238 | D:1      | 238 ||| INVOKING Spit Poison.
   274 | D:1      | 274 ||| INVOKING Spit Poison.
   297 | D:1      | 297 ||| INVOKING Spit Poison.
   303 | D:1      | 303 ||| INVOKING Spit Poison.
   304 | D:1      | 304 ||| INVOKING Spit Poison.
   393 | D:1      | Found a faded altar of an unknown god.
   400 | D:1      | You fall into a shaft and drop 1 floor!
   404 | D:2      | 404 ||| INVOKING Spit Poison.
   412 | D:2      | 412 ||| INVOKING Spit Poison.
   423 | D:2      | 423 ||| UPGRADING to amulet of faith.
   428 | D:2      | 428 ||| READING scroll labelled GUUNUSOTUS.
   429 | D:2      | 429 ||| READING 2 scrolls labelled NUNITY WOAK.
   430 | D:2      | 430 ||| DROPPING scroll of butterflies.
   445 | D:1      | 445 ||| INVOKING Spit Poison.
   528 | D:1      | 528 ||| INVOKING Spit Poison.
   537 | D:1      | Reached XP level 3. HP: 32/32 MP: 3/3
   621 | D:1      | 621 ||| INVOKING Spit Poison.
   803 | D:1      | 803 ||| READING 2 scrolls of identify.
   803 | D:1      | 803 ||| IDENTIFYING cyan potion
   857 | D:2      | 857 ||| INVOKING Spit Poison.
   891 | D:2      | 891 ||| INVOKING Spit Poison.
   935 | D:2      | 935 ||| INVOKING Spit Poison.
   971 | D:2      | 971 ||| INVOKING Spit Poison.
  1151 | D:2      | 1151 ||| READING scroll labelled BAAMNAECKI.
  1152 | D:2      | 1152 ||| DRINKING 3 coppery potions.
  1153 | D:2      | 1153 ||| DRINKING 2 lumpy golden potions.
  1153 | D:2      | Gained mutation: Your muscles are strong. (Str +4, Int/Dex
                  | -1) [potion of mutation]
  1153 | D:2      | Gained mutation: You are somewhat resistant to further
                  | mutation. [potion of mutation]
  1154 | D:2      | 1154 ||| DRINKING 2 puce potions.
  1155 | D:2      | 1155 ||| DROPPING 2 potions of enlightenment.
  1213 | D:3      | 1213 ||| INVOKING Spit Poison.
  1218 | D:3      | 1218 ||| INVOKING Spit Poison.
  1291 | D:3      | 1291 ||| INVOKING Spit Poison.
  1292 | D:3      | 1292 ||| INVOKING Spit Poison.
  1351 | D:3      | 1351 ||| INVOKING Spit Poison.
  1489 | D:3      | Reached skill level 5 in Ranged Weapons
  1493 | D:3      | Found a basalt altar of Yredelemnul.
  1616 | D:3      | Found a faded altar of an unknown god.
  1620 | D:3      | Found a sacrificial altar of Ru.
  1819 | D:3      | 1819 ||| READING scroll labelled GAOTOD DAZI.
  1820 | D:3      | 1820 ||| READING scroll labelled ONAOBIEFFI.
  1823 | D:3      | 1823 ||| READING scroll labelled MICIUCV YNIYMI.
  1849 | D:4      | Noticed a scorpion
  1852 | D:4      | 1852 ||| INVOKING Spit Poison.
  1854 | D:4      | Killed a scorpion
  1855 | D:4      | Reached skill level 3 in Fighting
  1855 | D:4      | Reached XP level 4. HP: 34/42 MP: 4/4
  1892 | D:4      | Reached XP level 5. HP: 49/49 MP: 5/5
  1937 | D:4      | 1937 ||| INVOKING Spit Poison.
  1942 | D:4      | 1942 ||| INVOKING Spit Poison.
  2039 | D:4      | 2039 ||| INVOKING Spit Poison.
  2044 | D:4      | 2044 ||| INVOKING Spit Poison.
  2072 | D:4      | Noticed an ogre
  2073 | D:4      | 2073 ||| INVOKING Spit Poison.
  2078 | D:4      | 2078 ||| INVOKING Spit Poison.
  2078 | D:4      | Killed an ogre
  2079 | D:4      | Reached skill level 6 in Ranged Weapons
  2079 | D:4      | Reached XP level 6. HP: 25/56 MP: 6/6
  2127 | D:4      | 2127 ||| INVOKING Spit Poison.
  2130 | D:4      | 2130 ||| INVOKING Spit Poison.
  2212 | D:4      | 2212 ||| INVOKING Spit Poison.
  2230 | D:4      | 2230 ||| UPGRADING to +2 hat.
  2239 | D:4      | 2239 ||| STAIRDANCE
  2338 | D:4      | 2338 ||| INVOKING Spit Poison.
  2436 | D:4      | 2436 ||| INVOKING Spit Poison.
  2516 | D:4      | 2516 ||| INVOKING Spit Poison.
  2521 | D:4      | 2521 ||| INVOKING Spit Poison.
  2655 | D:4      | 2655 ||| INVOKING Spit Poison.
  2720 | D:4      | 2720 ||| INVOKING Spit Poison.
  2725 | D:4      | 2725 ||| INVOKING Spit Poison.
  2749 | D:4      | 2749 ||| READING scroll labelled YQUGGOC DUVVO.
  2750 | D:4      | 2750 ||| READING 3 scrolls of identify.
  2750 | D:4      | 2750 ||| IDENTIFYING silvery potion
  2751 | D:4      | 2751 ||| READING 2 scrolls of identify.
  2751 | D:4      | 2751 ||| IDENTIFYING pink potion
  2752 | D:4      | 2752 ||| DROPPING potion of magic.
  2760 | D:4      | 2760 ||| STAIRDANCE
  2839 | D:4      | 2839 ||| INVOKING Spit Poison.
  2842 | D:4      | 2842 ||| INVOKING Spit Poison.
  2847 | D:4      | 2847 ||| INVOKING Spit Poison.
  2963 | D:5      | Entered Level 5 of the Dungeon
  2966 | D:5      | Found a staircase to the Ecumenical Temple.
  2967 | D:5      | 2967 ||| PLANNING TEMPLE
  2970 | D:5      | 2970 ||| INVOKING Spit Poison.
  2977 | D:5      | 2977 ||| INVOKING Spit Poison.
  2983 | D:5      | 2983 ||| INVOKING Spit Poison.
  2993 | D:5      | 2993 ||| INVOKING Spit Poison.
  2995 | D:5      | Reached XP level 7. HP: 60/64 MP: 7/7
  3012 | Temple   | Entered the Ecumenical Temple
  3014 | Temple   | 3014 ||| PLANNING OKAWARU WORSHIP
  3084 | Temple   | Became a worshipper of Warmaster Okawaru
  3084 | Temple   | 3084 ||| PLANNING D:1-11
  3174 | D:5      | Noticed Edmund
  3175 | D:5      | 3175 ||| INVOKING Spit Poison.
  3178 | D:5      | 3178 ||| INVOKING Spit Poison.
  3183 | D:5      | Killed Edmund
  3184 | D:5      | Reached skill level 7 in Ranged Weapons
  3184 | D:5      | 3184 ||| INVOKING Spit Poison.
  3208 | D:5      | 3208 ||| FLEEEEING.
  3313 | D:5      | 3313 ||| INVOKING Spit Poison.
  3358 | D:5      | 3358 ||| INVOKING Spit Poison.
  3363 | D:5      | 3363 ||| INVOKING Spit Poison.
  3368 | D:5      | Reached * piety under Okawaru
  3369 | D:5      | 3369 ||| INVOKING Heroism.
  3370 | D:5      | 3370 ||| INVOKING Spit Poison.
  3373 | D:5      | 3373 ||| DRINKING potion of curing.
  3373 | D:5      | 3373 ||| (to cure confusion)
  3374 | D:5      | 3374 ||| INVOKING Spit Poison.
  3380 | D:5      | 3380 ||| INVOKING Spit Poison.
  3385 | D:5      | 3385 ||| INVOKING Spit Poison.
  3388 | D:5      | Reached skill level 8 in Ranged Weapons
  3388 | D:5      | Reached XP level 8. HP: 19/72 MP: 6/8
  3388 | D:5      | 3388 ||| INVOKING Heroism.
  3388 | D:5      | HP: 14/72 [orc/+0 flail (5)]
  3389 | D:5      | 3389 ||| READING 2 scrolls of teleportation.
  3390 | D:5      | 3390 ||| INVOKING Spit Poison.
  3391 | D:5      | Killed from afar by an orc priest

Levels and vault maps discovered:
D:1:      moated_graveyard_arrival, layout_basic,
          chequers_ecumenical_altar_simple, nicolae_nh_oracle_at_delphi
D:2:      layout_rooms, feat_on_display
D:3:      layout_basic, lemuel_zombie_altar_yredelemnul,
          nicolae_overflow_ecumenical_swirl, serial_glass, glass_columns_a,
          glass_columns_b, glass_columns_a, glass_columns_b
D:4:      minmay_inner_zag, layout_gridville, minmay_misc_feat_tower,
          nicolae_concentric_dashed_squares_wild
D:5:      layout_loops_cross, elyvilon_altar_4,
          minmay_temple_entry_stoned_glass, minmay_fractal_squares_5,
          uniq_eustachio, uniq_edmund
Temple:   nicolae_temple_god_jail

Skill      XL: |  1  2  3  4  5  6  7 |
---------------+----------------------+-----
Ranged Weapons | 4 5 6 8 |  8.0
Fighting       | 3 4 |  4.1
Dodging        | 2 |  2.0
Stealth        | |  1.5

Action                     |  1- 3 |  4- 6 |  7- 9 || total
---------------------------+-------+-------+-------++-------
   Fire: Shortbow          |    72 |    77 |    45 ||   194
 Invoke: Heroism           |       |       |     2 ||     2
Ability: Spit Poison       |    22 |    23 |    11 ||    56
    Use: Scroll            |     7 |     3 |     1 ||    11
         Potion            |     3 |       |     1 ||     4
 Armour: Leather armour    |    10 |    13 |     8 ||    31
  Dodge: Dodged            |    14 |    21 |    24 ||    59

Table legend:
 A = Non-vault XP
 B = Vault XP
 C = Vault XP percentage of total XP
 D = Non-vault monster count
 E = Vault monster count
 F = Vault count percentage of total count
                 A         B        C        D         E       F
            +---------+---------+-------+---------+---------+-------
      Total |     855 |     370 |  30.2 |      61 |      12 |  16.4
            +---------+---------+-------+---------+---------+-------
        D:1 |      27 |       4 |  12.9 |      18 |       2 |  10.0
        D:2 |      15 |       0 |   0.0 |      10 |       0 |   0.0
        D:3 |      12 |      23 |  65.7 |       4 |       2 |  33.3
        D:4 |     335 |     136 |  28.9 |      19 |       5 |  20.8
        D:5 |     466 |     207 |  30.8 |      10 |       3 |  23.1
            +---------+---------+-------+---------+---------+-------
